AoeStats
← fafagege

Arabia

510743265Analyzed
1v1 RM · 1d ago on Oct 2, 2026· 28m 45s· 2 players
Game mode
Random Map
Map size
Tiny (2 player)
Population
200
Speed
Normal
Resources
Standard
Victory
Conquest
Starting age
Dark Age
Ending age
Imperial Age
RankedLock teamsTeams togetherTeam positionsShared explorationLock speedFull tech treeHidden civsTurbo modeCheats
Victory
Defeat
🇨🇳 Wei · China
1092
+14
🇬🇧 Inca · United Kingdom
1053
-14
devolvedreint
7:43 Loom
10:25 Feudal Age
10:32 Champi Runner
16:27 Arson
18:43 Double-Bit Axe
18:38 Horse Collar
19:40 Forging
25:08 Castle Age
25:45 Pikeman
25:47 Champi Warrior
26:28 Squires
26:30 Scale Mail Armor
fafagege
6:26 Loom
8:53 Feudal Age
9:42 Double-Bit Axe
9:43 Horse Collar
14:19 Wheelbarrow
17:11 Forging
18:04 Scale Barding Armor
23:04 Castle Age
21:34 Bloodlines
24:11 Chain Barding Armor
24:34 Husbandry
24:46 Bow Saw
25:28 Iron Casting
24:37 Light Cavalry
25:08 Town Watch
Connection lost

Rejoining the realm…

Still unreachable

The connection could not be restored.

Session expired

The server has moved on; the page needs a fresh start.